 Dungeon Crawl Stone Soup version 0.29.0-4-gdea44cf6ec (webtiles) character file.

Game seed: 15654896039487455380

945 qw the Cleaver (level 8, -1/46 HPs)
             Began as a Tengu Warper on Aug 28, 2022.
             Slain by a lemure (2 damage)
             ... led by Pikel
             ... on level 4 of the Dungeon.
             The game lasted 00:00:35 (4985 turns).

qw the Cleaver (Tengu Warper)                       Turns: 4985, Time: 00:00:35

Health: -1/46      AC: 13    Str: 14    XL:     8   Next: 13%
Magic:  12/12      EV:  5    Int: 14    God:
Gold:   215        SH:  0    Dex: 13    Spells: 11/11 levels left

rFire   . . .      SeeInvis .   h - +0 war axe
rCold   . . .      Faith    .   (no shield)
rNeg    . . .      Spirit   .   d - +0 plate armour
rPois   .          Reflect  .   (helmet restricted)
rElec   .          Harm     .   e - +0 cloak
rCorr   .          Rampage  .   (no gloves)
Will    .....                   (boots unavailable)
Stlth   ..........              (no amulet)
HPRegen 0.15/turn               (no ring)
MPRegen 0.13/turn               (no ring)

@: weakened, flying quickly and evasively, quick
A: beak, talons 3, nimble flight
a: no special abilities


You were on level 4 of the Dungeon.
You visited 1 branch of the dungeon, and saw 5 of its levels.

You collected 215 gold pieces.


Innate Abilities, Weirdness & Mutations

You have a beak for a mouth.
You have claws for feet.
Your magical nature lets you fly swiftly and evasively.


   Skills:
 - Level 3.0 Fighting
 + Level 8.4 Axes
 - Level 1.0 Throwing
 - Level 5.0 Armour
 - Level 2.1 Dodging
 - Level 2.0 Spellcasting
 - Level 2.4 Translocations


You had 11 spell levels left.
You didn't know any spells.
Your spell library contained the following spells:

 Spells                   Type           Power      Damage    Failure   Level
 Blink                    Tloc           16%        N/A       100%        2
 Gell's Gravitas          Tloc           8%         N/A       100%        3
 Lesser Beckoning         Tloc           8%         N/A       100%        3
 Teleport Other           Tloc           8%         N/A       100%        3
 Manifold Assault         Tloc           8%         N/A       100%        5

Inventory:

Hand Weapons
 g - a +0 flail
 h - a +0 war axe (weapon)
Armour
 d - a +0 plate armour (worn)
 e - a +0 cloak (worn)
Scrolls
 b - a scroll of identify
Potions
 a - a potion of haste {unknown}
 c - a potion of might {unknown}
 f - a potion of cancellation {unknown}
 i - a potion of invisibility {unknown}
 j - a potion of flight {unknown}
 k - a potion of mutation {unknown}
 m - a potion of resistance {unknown}
 n - a potion of curing

Dungeon Overview and Level Annotations

Branches:
Dungeon (5/15)
 Temple: D:4-7

Altars:

Annotations:
D:4 Pikel


Message History

You hit the gnoll. x2; You hit the lemure. x2; You closely miss Pikel.
The gnoll hits you with a +0 whip. The gnoll hits you but does no damage.
The lemure hits you but does no damage. The lemure hits you.
4981 ||| DRINKING potion of heal wounds.
You feel much better.
Pikel hits you with a +1 whip of flaming.
Pikel burns you. The gnoll hits you with a +0 whip.
The gnoll hits you but does no damage. The lemure hits you.
The lemure hits you but does no damage.
You closely miss the gnoll. You peck the gnoll.
The gnoll is almost dead.
You hit the lemure. You hit Pikel but do no damage. You slash the endoplasm!
You kill the endoplasm!
You hit the gnoll. You slash the lemure! The gnoll hits you but does no damage.
Pikel hits you but does no damage. The gnoll hits you with a +0 whip.
The gnoll bouda gazes fiercely through you!
You feel as though you will be weak longer.
The lemure hits you. The lemure hits you!
You hit the gnoll.
You kill the gnoll!
You closely miss the gnoll. You closely miss the lemure. x2
You hit Pikel but do no damage. Pikel hits you but does no damage.
The gnoll barely misses you. The lemure hits you.
The lemure hits you but does no damage.
You slash the lemure!
The lemure is severely wounded.
You hit the gnoll. You closely miss the lemure. You hit Pikel.
Pikel hits you but does no damage. The gnoll hits you with a +0 whip.
The lemure hits you but does no damage. x2
You hit the lemure but do no damage. You claw the lemure.
Your peck misses the lemure.
The lemure is almost dead.
You hit the lemure. You hit Pikel. You hit the gnoll.
Pikel hits you with a +1 whip of flaming!
Pikel burns you. The gnoll hits you but does no damage.
The gnoll bouda barks out a call to the hunt!
The gnolls pick up the pace!
The lemure hits you.
You die...

.#)#.....#.#.#.#... #....
.#>).....#.......## #.###..
#####......#.#.#.## g.. #......
#.............. #.....#####..
###.##...#.#.#... ..##.# #.....
#..............###..!.. #.....
#.............5..g....# #.....
#............5K#.g..# #..... .
#..........##5@)....###..#.....
###.........<#..)g....$....##....
...................##.... ......
##.........#.......# ## .#.....
#...........#.....#########.....
#...........##............##...>
##.......##...#....#######.##....
.....#..###.#.#....# #...#.......
.###..### #. ###.### #.#.####....


You could see Pikel, 3 lemures, a gnoll bouda and 2 gnolls.

Vanquished Creatures
  Grinder (D:3)
  Sigmund (D:4)
  An ice beast (D:3)
  A lemure (D:4)
  A necrophage (D:5)
  3 orc priests
  3 iguanas (D:4)
  2 orc wizards
  Robin (D:4)
  2 gnolls (D:4)
  5 adders
  A worm (D:2)
  2 dart slugs
  20 orcs
  3 endoplasms
  4 giant cockroaches
  16 goblins
  7 hobgoblins
  3 jackals (D:3)
  10 kobolds
  4 quokkas
  10 ball pythons
  7 bats
  4 frilled lizards
  7 rats
119 creatures vanquished.

Vanquished Creatures (others)
  14 plants (D:1)
14 creatures vanquished.

Grand Total: 133 creatures vanquished

Notes
Turn   | Place    | Note
-------+----------+-------------------------------------------
     0 | D:1      | qw the Tengu Warper began the quest for the Orb.
     0 | D:1      | Reached XP level 1. HP: 12/12 MP: 4/4
     0 | D:1      | 0 ||| qw: Version: 0.1-a-89-g26bdef1
     0 | D:1      | 0 ||| qw: Game counter: 1778
     0 | D:1      | 0 ||| qw: Always use a shield: true
     0 | D:1      | 0 ||| qw: God list: Okawaru
     0 | D:1      | 0 ||| qw: Allow faded altars: false
     0 | D:1      | 0 ||| qw: Do Orc after D:15 true
     0 | D:1      | 0 ||| qw: Do second Lair branch before Depths: true
     0 | D:1      | 0 ||| qw: Lair rune preference: random
     0 | D:1      | 0 ||| qw: Plans: Normal
     0 | D:1      | 0 ||| PLANNING D:1-11
    26 | D:1      | 26 ||| Stepping ~*~*~tactically~*~*~ (stealth).
    28 | D:1      | 28 ||| Stepping ~*~*~tactically~*~*~ (stealth).
    30 | D:1      | 30 ||| Stepping ~*~*~tactically~*~*~ (stealth).
    36 | D:1      | 36 ||| Stepping ~*~*~tactically~*~*~ (stealth).
    37 | D:1      | 37 ||| Stepping ~*~*~tactically~*~*~ (stealth).
   253 | D:1      | Reached XP level 2. HP: 17/17 MP: 6/6
   281 | D:1      | Reached skill level 3 in Axes
   441 | D:1      | 441 ||| Stepping ~*~*~tactically~*~*~ (stealth).
   442 | D:1      | 442 ||| Stepping ~*~*~tactically~*~*~ (stealth).
   451 | D:1      | 451 ||| Stepping ~*~*~tactically~*~*~ (stealth).
   452 | D:1      | 452 ||| Stepping ~*~*~tactically~*~*~ (stealth).
   526 | D:1      | 526 ||| Stepping ~*~*~tactically~*~*~ (stealth).
   855 | D:1      | 855 ||| Stepping ~*~*~tactically~*~*~ (stealth).
   859 | D:1      | Reached XP level 3. HP: 21/21 MP: 7/7
   859 | D:1      | 859 ||| Stepping ~*~*~tactically~*~*~ (stealth).
   901 | D:1      | 901 ||| Stepping ~*~*~tactically~*~*~ (stealth).
   905 | D:1      | 905 ||| Stepping ~*~*~tactically~*~*~ (stealth).
   908 | D:1      | 908 ||| Stepping ~*~*~tactically~*~*~ (stealth).
   910 | D:1      | 910 ||| Stepping ~*~*~tactically~*~*~ (stealth).
   915 | D:1      | 915 ||| Stepping ~*~*~tactically~*~*~ (stealth).
   935 | D:1      | 935 ||| UPGRADING to +0 chain mail.
   945 | D:1      | 945 ||| DROPPING +0 leather armour.
   946 | D:1      | 946 ||| READING scroll labelled OMUAHO TUGASS.
   947 | D:1      | 947 ||| READING scroll labelled NITIERCH JACKIO.
   948 | D:1      | 948 ||| READING scroll labelled ISOESK VOPNU.
   949 | D:1      | 949 ||| READING scroll labelled PUGHURR YKOMM.
   950 | D:1      | 950 ||| READING scroll labelled HIVVOI DOIWO.
   951 | D:1      | 951 ||| DRINKING 2 metallic coppery potions.
   952 | D:1      | 952 ||| DRINKING 2 cyan potions.
   953 | D:1      | 953 ||| DROPPING scroll of blinking.
   954 | D:1      | 954 ||| DROPPING potion of degeneration.
  1009 | D:2      | Reached skill level 4 in Axes
  1039 | D:2      | 1039 ||| Stepping ~*~*~tactically~*~*~ (stealth).
  1042 | D:2      | 1042 ||| Stepping ~*~*~tactically~*~*~ (stealth).
  1318 | D:2      | Found a faded altar of an unknown god.
  1378 | D:2      | Reached XP level 4. HP: 21/26 MP: 8/8
  1774 | D:2      | 1774 ||| UPGRADING to +0 plate armour.
  1784 | D:2      | 1784 ||| UPGRADING to +0 cloak.
  1789 | D:2      | 1789 ||| DROPPING +0 chain mail.
  1790 | D:2      | 1790 ||| READING scroll labelled XIJIOL JEZUO.
  1793 | D:2      | 1793 ||| DRINKING 2 red potions.
  2047 | D:3      | 2047 ||| Stepping ~*~*~tactically~*~*~ (stealth).
  2048 | D:3      | 2048 ||| Stepping ~*~*~tactically~*~*~ (stealth).
  2066 | D:3      | 2066 ||| Stepping ~*~*~tactically~*~*~ (stealth).
  2070 | D:3      | 2070 ||| Stepping ~*~*~tactically~*~*~ (stealth).
  2183 | D:3      | 2183 ||| Stepping ~*~*~tactically~*~*~ (stealth).
  2191 | D:3      | 2191 ||| DROPPING +0 club.
  2212 | D:3      | 2212 ||| Stepping ~*~*~tactically~*~*~ (stealth).
  2220 | D:3      | 2220 ||| DRINKING potion of curing.
  2220 | D:3      | 2220 ||| (to cure poison)
  2227 | D:3      | 2227 ||| FLEEEEING.
  2228 | D:3      | 2228 ||| FLEEEEING.
  2229 | D:3      | 2229 ||| FLEEEEING.
  2232 | D:3      | 2232 ||| FLEEEEING.
  2233 | D:3      | 2233 ||| FLEEEEING.
  2236 | D:3      | 2236 ||| FLEEEEING.
  2237 | D:3      | 2237 ||| FLEEEEING.
  2238 | D:3      | 2238 ||| FLEEEEING.
  2239 | D:3      | 2239 ||| FLEEEEING.
  2313 | D:3      | 2313 ||| DROPPING +0 whip.
  2434 | D:3      | Noticed an ice beast
  2450 | D:3      | HP: 2/26 [ice beast (10)]
  2451 | D:3      | 2451 ||| DRINKING 2 potions of heal wounds.
  2453 | D:3      | Killed an ice beast
  2454 | D:3      | Reached skill level 6 in Axes
  2454 | D:3      | Gained mutation: Your magical nature lets you fly swiftly
                  | and evasively. [Tengu growth]
  2454 | D:3      | Reached XP level 5. HP: 30/30 MP: 9/9
  2493 | D:3      | HP: 5/30 [orc priest/divine providence (8)]
  2494 | D:3      | 2494 ||| DRINKING potion of heal wounds.
  2505 | D:3      | Reached skill level 3 in Armour
  2505 | D:3      | Reached XP level 6. HP: 22/35 MP: 10/10
  2714 | D:3      | 2714 ||| Stepping ~*~*~tactically~*~*~ (stealth).
  2715 | D:3      | 2715 ||| Stepping ~*~*~tactically~*~*~ (stealth).
  2718 | D:3      | 2718 ||| Stepping ~*~*~tactically~*~*~ (stealth).
  2720 | D:3      | 2720 ||| Stepping ~*~*~tactically~*~*~ (stealth).
  2730 | D:3      | You are sucked into a shaft and drop 2 floors!
  2730 | D:5      | Entered Level 5 of the Dungeon
  2749 | D:5      | 2749 ||| Stepping ~*~*~tactically~*~*~ (stealth).
  2753 | D:5      | 2753 ||| Stepping ~*~*~tactically~*~*~ (stealth).
  2755 | D:5      | 2755 ||| Stepping ~*~*~tactically~*~*~ (stealth).
  2757 | D:5      | 2757 ||| Stepping ~*~*~tactically~*~*~ (stealth).
  2952 | D:5      | 2952 ||| SWAPPING to +0 war axe.
  2953 | D:5      | 2953 ||| DROPPING +0 hand axe.
  3010 | D:5      | 3010 ||| Stepping ~*~*~tactically~*~*~ (hiding).
  3053 | D:5      | 3053 ||| STAIRDANCE
  3060 | D:4      | Reached skill level 7 in Axes
  3313 | D:4      | 3313 ||| Stepping randomly (stuck).
  3314 | D:4      | 3314 ||| Stepping randomly (stuck).
  3315 | D:4      | 3315 ||| Stepping randomly (stuck).
  3316 | D:4      | 3316 ||| Stepping randomly (stuck).
  3317 | D:4      | 3317 ||| Stepping randomly (stuck).
  3318 | D:4      | 3318 ||| Stepping randomly (stuck).
  3369 | D:4      | Reached XP level 7. HP: 40/40 MP: 11/11
  3373 | D:4      | Noticed Robin
  3374 | D:4      | 3374 ||| Stepping ~*~*~tactically~*~*~ (hiding).
  3382 | D:4      | Killed Robin
  3383 | D:4      | 3383 ||| Stepping ~*~*~tactically~*~*~ (stealth).
  3517 | D:4      | Noticed Pikel
  3537 | D:4      | HP: 9/40 [Pikel/+1 whip of flaming (7)]
  3538 | D:4      | 3538 ||| READING scroll of teleportation.
  3675 | D:4      | 3675 ||| Stepping ~*~*~tactically~*~*~ (stealth).
  3804 | D:4      | 3804 ||| Stepping ~*~*~tactically~*~*~ (stealth).
  3806 | D:4      | 3806 ||| Stepping ~*~*~tactically~*~*~ (hiding).
  3809 | D:4      | 3809 ||| Stepping ~*~*~tactically~*~*~ (hiding).
  3818 | D:4      | Reached skill level 3 in Fighting
  3840 | D:4      | Noticed Sigmund
  3841 | D:4      | 3841 ||| Stepping ~*~*~tactically~*~*~ (stealth).
  3865 | D:4      | HP: 5/41 [something/puff of flame (9)]
  3869 | D:4      | Killed Sigmund
  3870 | D:4      | Reached skill level 8 in Axes
  4232 | D:3      | 4232 ||| Stepping ~*~*~tactically~*~*~ (stealth).
  4232 | D:3      | Noticed Grinder
  4233 | D:3      | 4233 ||| Stepping ~*~*~tactically~*~*~ (stealth).
  4252 | D:3      | HP: 2/41 [Grinder/bolt of dispelling energy (12)]
  4254 | D:3      | Killed Grinder
  4255 | D:3      | Reached XP level 8. HP: 3/46 MP: 12/12
  4791 | D:4      | 4791 ||| Stepping ~*~*~tactically~*~*~ (stealth).
  4970 | D:4      | 4970 ||| Stepping ~*~*~tactically~*~*~ (stealth).
  4971 | D:4      | 4971 ||| Stepping ~*~*~tactically~*~*~ (stealth).
  4980 | D:4      | HP: 11/46 [lemure[Pikel] (2)]
  4981 | D:4      | 4981 ||| DRINKING potion of heal wounds.
  4985 | D:4      | HP: 2/46 [Pikel/+1 whip of flaming (8)]
  4985 | D:4      | Slain by a lemure

Levels and vault maps discovered:
D:1:      minmay_arrival_wavy_path, layout_rooms, serial_glass, glass_columns_a,
          glass_columns_c, glass_columns_a, glass_columns_b,
          lexackson_kobold_supper
D:2:      layout_basic, shapermc_ecumenical_altar_totnotflames
D:3:      layout_loops_ring, uniq_grinder
D:4:      layout_rooms, serial_co_window_serial, co_window_paths_b,
          co_window_of_opportunity_a, co_window_of_opportunity_a,
          co_window_corner_a, co_window_paths_a, co_window_of_opportunity_c,
          co_window_corner_ca, co_window_of_opportunity_b, co_window_paths_e,
          co_window_4corner_b, glass_columns_b, glass_columns_b,
          glass_columns_b, minmay_close_crescents, uniq_duvessa, uniq_robin,
          uniq_pikel, uniq_sigmund
D:5:      layout_loops_ring, minmay_temple_entry_nine_rooms

Skill      XL: |  1  2  3  4  5  6  7 |
---------------+----------------------+-----
Axes           | 3 4 6 7 8 |  8.4
Armour         | 2 3 5 |  5.0
Fighting       | 3 |  3.0
Throwing       | |  1.0
Dodging        | |  2.1
Spellcasting   | |  2.0
Translocations | |  2.4

Action                   |  1- 3 |  4- 6 |  7- 9 || total
-------------------------+-------+-------+-------++-------
Melee: Hand axe          |    95 |   134 |       ||   229
       Kick              |    23 |    47 |    19 ||    89
       Peck              |     9 |    32 |    20 ||    61
       Punch             |       |     2 |     1 ||     3
       War axe           |       |    27 |    98 ||   125
Throw: Boomerang         |     7 |       |       ||     7
  Use: Scroll            |     5 |     1 |     1 ||     7
       Potion            |     2 |     4 |     1 ||     7
Armor: Leather armour    |    10 |       |       ||    10
       Chain mail        |    36 |    10 |       ||    46
       Plate armour      |       |    91 |    57 ||   148
Dodge: Dodged            |    33 |    25 |    18 ||    76

Table legend:
 A = Non-vault XP
 B = Vault XP
 C = Vault XP percentage of total XP
 D = Non-vault monster count
 E = Vault monster count
 F = Vault count percentage of total count
                 A         B        C        D         E       F
            +---------+---------+-------+---------+---------+-------
      Total |     793 |     557 |  41.3 |      99 |      19 |  16.1
            +---------+---------+-------+---------+---------+-------
        D:1 |      33 |      10 |  23.3 |      20 |       8 |  28.6
        D:2 |      55 |       0 |   0.0 |      25 |       0 |   0.0
        D:3 |     293 |     290 |  49.7 |      27 |       1 |   3.6
        D:4 |     265 |     257 |  49.2 |      19 |      10 |  34.5
        D:5 |     147 |       0 |   0.0 |       8 |       0 |   0.0
            +---------+---------+-------+---------+---------+-------
